 Dungeon Crawl Stone Soup version 0.30-a0-1116-gebefce21f7 (webtiles) character file.

Game seed: 4774666500893300295

121 qeuew the Chopper (level 5, -1/46 HPs)
             Began as a Hill Orc Fighter on Apr 21, 2023.
             Slain by a gnoll
             ... wielding a +1 halberd of pain
              (4 damage)
             ... on level 3 of the Dungeon.
             The game lasted 00:04:13 (2137 turns).

qeuew the Chopper (Hill Orc Fighter)                Turns: 2137, Time: 00:04:14

Health: -1/46      AC:  9    Str: 24    XL:     5   Next: 5%
Magic:  5/5        EV:  9    Int:  8    God:
Gold:   74         SH:  4    Dex:  6    Spells: 4/4 levels left

rFire   . . .      SeeInvis +    g - +6 hand axe "Tofut" {spect, rC+ Str+3 Dex-4 SInv}
rCold   + . .      Faith    .    c - +0 buckler
rNeg    . . .      Spirit   .    b - +1 scale mail
rPois   .          Reflect  .    (helmet restricted)
rElec   .          Rampage  .    (no cloak)
rCorr   .                        (no gloves)
Will    .....                    (no boots) Stlth
                                 (no amulet)
HPRegen 0.00/turn                (no ring)
MPRegen 0.09/turn                (no ring)

@: mighty, weakened, inhibited regen
A: horns 1, shaggy fur 1, inhibited regeneration
a: no special abilities


You were on level 3 of the Dungeon.
You visited 1 branch of the dungeon, and saw 3 of its levels.

You collected 74 gold pieces.

Inventory:

Hand Weapons
 g - the +6 hand axe "Tofut" (weapon) {spect, rC+ Str+3 Dex-4 SInv}
   (You found it on level 2 of the Dungeon)

   Str:       It affects your strength (+3).
   Dex:       It affects your dexterity (-4).
   rC:        It protects you from cold.
   SInv:      It lets you see invisible.
Armour
 b - a +1 scale mail (worn)
 c - a +0 buckler (worn)
Scrolls
 e - 2 scrolls of teleportation
 f - a scroll of butterflies
Potions
 a - a potion of haste
 j - a potion of mutation


   Skills:
 + Level 4.3 Fighting
 * Level 4.4 Axes
 * Level 4.4 Armour
 + Level 3.8 Shields


You had 4 spell levels left.
You didn't know any spells.
Your spell library contained the following spells:

 Spells                   Type           Power      Damage    Failure   Level
 Blink                    Tloc           0%         N/A       90%         2
 Lesser Beckoning         Tloc           0%         N/A       90%         2
 Momentum Strike          Conj/Tloc      0%         3d8       90%         2


Dungeon Overview and Level Annotations

Branches:
Dungeon (3/15)

Altars:
Dithmenos
Uskayaw

Annotations:
D:3 1 transporter, Unforgiven's ghost, amateur NaFi


Innate Abilities, Weirdness & Mutations

You have a pair of small horns on your head.
You are covered in fur. (AC +1)
You do not regenerate when monsters are visible.


Message History

Your +6 hand axe "Tofut" {spect, rC+ Str+3 Dex-4 SInv} closely misses the gnoll.
You block the gnoll's attack. The gnoll hits you with a +0 club.
The gnoll barely misses your +6 hand axe "Tofut" {spect, rC+ Str+3 Dex-4 SInv}.
The gnoll hits you from afar with a +1 halberd of pain.
The gnoll closely misses you.
You slash the gnoll!
You kill the gnoll!
You hit the gnoll. You closely miss the gnoll.
Your +6 hand axe "Tofut" {spect, rC+ Str+3 Dex-4 SInv} closely misses the gnoll.
Your +6 hand axe "Tofut" {spect, rC+ Str+3 Dex-4 SInv} barely misses the gnoll.
Your +6 hand axe "Tofut" {spect, rC+ Str+3 Dex-4 SInv} hits the gnoll. x2
You kill the gnoll!
Your +6 hand axe "Tofut" {spect, rC+ Str+3 Dex-4 SInv} hits the gnoll but does no damage.
Your +6 hand axe "Tofut" {spect, rC+ Str+3 Dex-4 SInv} hits the gnoll.
The gnoll hits you from afar with a +4 vampiric halberd!
The gnoll draws strength from your wounds!
The gnoll barely misses you.
The gnoll bouda gazes fiercely through you!
You feel your attacks grow feeble.
The gnoll hits you from afar with a +1 halberd of pain!
* * * LOW HITPOINT WARNING * * *
You have reached level 5!
You feel stronger.
You are too injured to fight recklessly!
You are too injured to fight recklessly!
You are too injured to fight recklessly!
You are too injured to fight recklessly!
You are too injured to fight recklessly!
You are too injured to fight recklessly!
Unknown command.
You feel very mighty all of a sudden.
Your +6 hand axe "Tofut" {spect, rC+ Str+3 Dex-4 SInv} disappears.
The gnoll hits you from afar with a +4 vampiric halberd!
* * * LOW HITPOINT WARNING * * *
The gnoll barely misses you.
The gnoll hits you from afar with a +1 halberd of pain.
* * * LOW HITPOINT WARNING * * *
You block the gnoll's attack.
The gnoll hits you from afar with a +1 halberd of pain.
You die...

.#.≈≈≈≈≈≈≈≈≈≈≈...≈≈≈≈≈≈≈≈≈≈≈..###
.#.≈≈≈≈≈≈≈≈≈≈≈...≈≈≈≈≈≈≈≈≈≈≈..#
.#.≈≈#####...........#####≈≈..#
...≈≈#g..#.###.©.###.#...#≈≈..#
...≈≈#g..###.#####.###...#≈≈..#
...≈≈###...............###≈≈.>##
...≈≈.8#.######g######.#8.≈≈...#
...≈≈.##W#.g #8)g#.⌠.#.##.≈≈...#
##.~~.#g.'. #g©@g...'..#.~~...#
##.≈≈.##.#. #8.g#.⌠.#.##.≈≈...#
#..≈≈.8#.######'######.#8.≈≈...#
...≈≈###......g........###≈≈...#
...≈≈#...###g#####.###...#≈≈..###
...≈≈#...#.###.©.###.#...#≈≈.....
...≈≈#####...........#####≈≈.....
...≈≈≈≈≈≈≈≈≈≈≈≈~≈≈≈≈≈≈≈≈≈≈≈≈.....
...≈≈≈≈≈≈≈≈≈≈≈≈~≈≈≈≈≈≈≈≈≈≈≈≈.....


You could see a gnoll bouda and 5 gnolls.

Vanquished Creatures
  3 gnolls (D:3)
  An adder (D:2)
  A worm (D:2)
  4 dart slugs
  2 orcs (D:3)
  6 ball pythons
  8 bats
  7 endoplasms
  5 giant cockroaches
  3 hobgoblins
  3 quokkas
  2 frilled lizards (D:3)
  6 goblins
  10 kobolds
  4 rats
65 creatures vanquished.

Vanquished Creatures (others)
  6 plants (D:3)
6 creatures vanquished.

Grand Total: 71 creatures vanquished

Notes
Turn   | Place    | Note
-------+----------+-------------------------------------------
     0 | D:1      | qeuew the Hill Orc Fighter began the quest for the Orb.
     0 | D:1      | Reached XP level 1. HP: 19/19 MP: 1/1
   251 | D:1      | Reached XP level 2. HP: 24/27 MP: 2/2
   384 | D:1      | Reached XP level 3. HP: 31/33 MP: 3/3
   673 | D:2      | Identified the +6 hand axe "Tofut" {spect, rC+ Str+3 Dex-4
                  | SInv}
   912 | D:2      | Reached XP level 4. HP: 40/40 MP: 4/4
  1209 | D:2      | Gained mutation: You are covered in fur. (AC +1) [potion of
                  | mutation]
  1209 | D:2      | Gained mutation: You do not regenerate when monsters are
                  | visible. [potion of mutation]
  1209 | D:2      | Gained mutation: You have a pair of small horns on your
                  | head. [potion of mutation]
  1307 | D:3      | Found a shadowy altar of Dithmenos.
  1453 | D:3      | Found a transporter.
  1585 | D:3      | Found a hide-covered altar of Uskayaw.
  1725 | D:3      | Found a transporter.
  1729 | D:3      | Noticed Unforgiven's ghost (amateur NaFi)
  2136 | D:3      | Reached XP level 5. HP: 14/46 MP: 5/5
  2137 | D:3      | Slain by a gnoll

Illustrated notes

Levels and vault maps discovered:
D:1:      dpeg_arrival_water_temple_mockup, layout_basic
D:2:      layout_loops_ring, minmay_joined_circles
D:3:      minmay_recursive_quarters, layout_basic, mainiacjoe_overflow_alcove_2,
          overflow_temple_1_default, gammafunk_ghost_gnarly_gnolls

Skill      XL: |  1  2  3  4 |
---------------+-------------+-----
Axes           | 3 4 |  4.4
Fighting       | 4 |  4.3
Armour         | 4 |  4.4
Shields        | |  3.8

Action                     |  1- 3 |  4- 6 || total
---------------------------+-------+-------++-------
  Melee: War axe           |    59 |       ||    59
         Hand axe          |    24 |    39 ||    63
    Use: Scroll            |     1 |     8 ||     9
         Potion            |     1 |     5 ||     6
 Armour: Scale mail        |    30 |    12 ||    42
  Dodge: Dodged            |    37 |    16 ||    53
  Block: Buckler           |    22 |     7 ||    29

Table legend: (Time is in decaauts)
 A = Elapsed time spent in this place.
 B = Non-inter-level travel time spent in this place.
 C = Inter-level travel time spent in this place.
 D = Time resting spent in this place.
 E = Time spent auto-exploring this place.
 F = Levels seen in this place.
 G = Mean time per level.
                   A        B        C        D        E       F      G
               +--------+--------+--------+--------+--------+-----+--------+
         Total |   2171 |   2077 |     94 |     27 |   1515 |   3 |  723.7 |
       Dungeon |   2171 |   2077 |     94 |     27 |   1515 |   3 |  723.7 |
               +--------+--------+--------+--------+--------+-----+--------+

Top non-repeatable levels by time:
     D:3: 856 daAuts
     D:2: 716 daAuts
     D:1: 598 daAuts
